 Dungeon Crawl Stone Soup version 0.24.0-13-gcf9b319 (webtiles) character file.

Game seed: 5035012134009833138, levelgen mode: deterministic

366 Bronimir the Firebug (level 6, -2/47 HPs)
             Began as a Hill Orc Fire Elementalist on Mar 22, 2020.
             Slain by a hippogriff (7 damage)
             ... on level 3 of the Dungeon.
             The game lasted 00:12:51 (4369 turns).

Bronimir the Firebug (Hill Orc Fire Elementalist)   Turns: 4369, Time: 00:12:52

Health: -2/47      AC:  6    Str: 13    XL:     6   Next: 68%
Magic:  3/9        EV: 12    Int: 15    God:
Gold:   143        SH:  0    Dex: 11    Spells: 3/9 levels left

rFire    . . .     SeeInvis .   a - +2 scythe (vamp)
rCold    . . .     Gourm    .   (shield currently unavailable)
rNeg     . . .     Faith    .   x - +0 leather armour
rPois    .         Spirit   .   k - +2 hat
rElec    .         Reflect  .   (no cloak)
rCorr    .         Harm     .   t - +0 pair of gloves
MR       .....                  (no boots)
Stlth    +.........             (no amulet)
HPRegen  0.15/turn              (no ring)
MPRegen  0.11/turn              (no ring)

@: no status effects
A: no striking features
a: no special abilities


You were on level 3 of the Dungeon.
You were hungry.

You visited 1 branch of the dungeon, and saw 4 of its levels.
You also visited: Sewer.

You collected 143 gold pieces.

Inventory:

Hand Weapons
 a - a +2 vampiric scythe (weapon)
 b - a +0 hand crossbow
 o - a +1 hunting sling
 y - a +0 hand axe
 A - a +0 quarterstaff
Missiles
 d - 89 stones (quivered)
 e - 8 boomerangs
 f - 52 bolts
 i - 14 arrows
 v - 20 poisoned darts
Armour
 j - a +0 ring mail
 k - a +2 hat (worn)
 s - a +0 robe
 t - a +0 pair of gloves (worn)
 x - a +0 leather armour (worn)
Jewellery
 m - an uncursed amulet of the acrobat {unknown}
Wands
 r - a wand of random effects (13)
Scrolls
 h - 2 scrolls of teleportation
 l - 3 scrolls of magic mapping {unknown}
 q - 2 scrolls of identify {unknown}
Potions
 g - a potion of degeneration {unknown}
 p - 2 potions of lignification {unknown}
 u - a potion of mutation {unknown}
 w - 11 potions of curing
 z - 2 potions of agility {unknown}
 B - 2 potions of brilliance {unknown}
 C - 2 potions of heal wounds {unknown}
 D - a potion of might {unknown}
 E - a potion of flight {unknown}
Comestibles
 c - 10 rations


   Skills:
 + Level 1.1 Fighting
 + Level 0.7(1.5) Axes
   Level 0.3(0.5) Maces & Flails
 * Level 1.5(1.6) Polearms
 + Level 1.5(1.9) Slings
 + Level 1.4(1.8) Throwing
 * Level 2.4 Armour
 + Level 2.1 Dodging
 - Level 1.5 Stealth
 + Level 2.0 Spellcasting
 + Level 1.8 Conjurations
 * Level 5.1 Fire Magic


You had 3 spell levels left.
You knew the following spells:

 Your Spells              Type           Power        Failure   Level  Hunger
a - Flame Tongue          Conj/Fire      ##...        7%          1    #......
b - Throw Flame           Conj/Fire      ##....       10%         2    ###....
c - Conjure Flame         Conj/Fire      ##......     21%         3    ###....

Your spell library contained the following spells:

 Spells                   Type           Power        Failure   Level  Hunger
 Inner Flame              Hex/Fire       #.......     28%         3    ###....
 Sticky Flame             Conj/Fire      ##......     54%         4    #####..
 Fireball                 Conj/Fire      ##........   88%         5    ######.


Dungeon Overview and Level Annotations

Branches:
Dungeon (4/15)              Sewer (visited)
 Temple: D:4-7

Altars:
Cheibriados
Fedhas


Message History

Aim: a hippogriff (heavily wounded)
The flame tongue misses the hippogriff.
The flame tongue hits the adder.
The adder is heavily wounded.
The hippogriff bites you! The hippogriff closely misses you.
The hippogriff barely misses you.
You hit the hippogriff.
You feel better.
The hippogriff is heavily wounded.
The hippogriff bites you! The hippogriff pecks you.
* * * LOW HITPOINT WARNING * * *
The hippogriff claws you but does no damage.
The hippogriff bites you but does no damage.
The hippogriff pecks you but does no damage.
The hippogriff claws you.
* * * LOW HITPOINT WARNING * * *
You slash the hippogriff!
The hippogriff is almost dead.
The hippogriff barely misses you. The hippogriff pecks you.
* * * LOW HITPOINT WARNING * * *
The hippogriff misses you. The hippogriff bites you!
You die...

###.#### #.....# #.# #.## ###.###
#.# #..# #.# #.# ##.# #####.#
######.# #.###...#.####......#
#.##..#...........###### #####
####.##....##..##.##.)....# #....
.....##.#...#.>##.##.####.# #....
####......#...SH@.##.####.###.#..
####.##.#...#..#####.#..........#
..##.##.#..........>.#.##.###....
..##.##.......######.#.##.#...###
#)##.#######.## ##........#....
.....# #...# #......##...##.
..#### #...# #.##....##.##..
.....# #...# #........#....P
...#.######...#####..##....#.....


You could see a hippogriff and an adder.

Vanquished Creatures
  Sigmund (D:3)
  3 river rats (Sewer)
  11 adders
  An ooze (D:2)
  2 worms (D:2)
  2 dart slugs (D:2)
  A leopard gecko (D:2)
  5 ball pythons
  2 giant cockroaches
  4 goblins
  4 hobgoblins
  25 kobolds
  2 quokkas
  3 bats (D:1)
  3 frilled lizards
  26 rats
95 creatures vanquished.

Notes
Turn   | Place    | Note
-------+----------+-------------------------------------------
     0 | D:1      | Bronimir the Hill Orc Fire Elementalist began the quest for
                  | the Orb.
     0 | D:1      | Reached XP level 1. HP: 14/14 MP: 3/3
   311 | D:1      | Reached XP level 2. HP: 20/20 MP: 2/4
   316 | D:1      | Learned a level 2 spell: Throw Flame
   709 | D:1      | Reached skill level 4 in Fire Magic
  1382 | D:2      | Found a blossoming altar of Fedhas.
  1388 | D:2      | Reached XP level 3. HP: 26/26 MP: 2/5
  1601 | D:2      | Reached skill level 1 in Armour
  1939 | D:2      | Reached XP level 4. HP: 26/33 MP: 3/6
  2111 | D:2      | Learned a level 3 spell: Conjure Flame
  2296 | D:2      | Found a snail-covered altar of Cheibriados.
  3075 | D:3      | Noticed Sigmund
  3089 | D:3      | Killed Sigmund
  3089 | D:3      | Reached skill level 1 in Fighting
  3089 | D:3      | Reached skill level 1 in Slings
  3089 | D:3      | Reached skill level 1 in Throwing
  3089 | D:3      | Reached XP level 5. HP: 15/40 MP: 0/8
  3089 | D:3      | Reached XP level 6. HP: 18/47 MP: 0/9
  3375 | D:4      | Found a glowing drain.
  3415 | D:4      | Reached skill level 5 in Fire Magic
  3485 | Sewer    | Entered a sewer
  3809 | Sewer    | Reached skill level 1 in Polearms
  4333 | D:4      | Noticed a hippogriff
  4369 | D:3      | Slain by a hippogriff

Levels and vault maps discovered:
D:1:      dpeg_arrival_arbitrary_b, layout_basic
D:2:      layout_basic, lemuel_doored_altar, overflow_temple_1_default
D:3:      layout_loops_cross, first_ration, serial_bayou_lagoon_a, uniq_sigmund
D:4:      kennysheep_the_goblin_king, layout_layer_cave,
          overflow_temple_1_default, gup_sewer_entry_glass, minivault_14

Skill      XL: |  1  2  3  4  5  6 |
---------------+-------------------+-----
Fire Magic     | 4 5 |  5.1
Armour         | 1 2 |  2.4
Fighting       | 1 |  1.1
Slings         | 1 |  1.5
Throwing       | 1 |  1.4
Spellcasting   | 2 |  2.0
Dodging        | 2 |  2.1
Polearms       | 1 |  1.5
Axes           | |  0.7
Maces & Flails | |  0.3
Stealth        | |  1.5
Conjurations   | |  1.8

Action                   |  1- 3 |  4- 6 || total
-------------------------+-------+-------++-------
Melee: Whip              |    31 |       ||    31
       Flail             |     2 |       ||     2
       Hand axe          |       |     6 ||     6
       Scythe            |       |    58 ||    58
 Fire: Hunting sling     |     7 |    10 ||    17
       Hand crossbow     |       |     6 ||     6
Throw: Boomerang         |    16 |    20 ||    36
 Cast: Flame Tongue      |    38 |    74 ||   112
       Throw Flame       |     3 |     3 ||     6
  Use: Scroll            |     4 |     1 ||     5
  Eat: Chunk             |     4 |     6 ||    10
       Ration            |       |     1 ||     1
Armor: Robe              |    15 |     3 ||    18
       Leather armour    |       |    80 ||    80
Dodge: Dodged            |    35 |   150 ||   185
